 Dungeon Crawl Stone Soup version 0.28.0-45-g0d030f2227 (webtiles) character file.

Game seed: 2075564075744401345

41972 Ablot the Thaumaturge (level 14, -2/165 HPs)
             Began as a Gnoll Warper on Mar 31, 2022.
             Was a High Priest of Okawaru.
             Slain by a boulder beetle (18 damage)
             ... on level 15 of the Dungeon.
             The game lasted 01:19:49 (27280 turns).

Ablot the Thaumaturge (Gnoll Warper)               Turns: 27280, Time: 01:19:50

Health: -2/165     AC:  0    Str: 12    XL:     14   Next: 17%
Magic:  28/28      EV: 18    Int: 16    God:    Okawaru [*****.]
Gold:   942        SH:  0    Dex: 12    Spells: 16/33 levels left

rFire   . . .      SeeInvis .     - Unarmed
rCold   . . .      Faith    +   (shield currently unavailable)
rNeg    . . .      Spirit   .   (armour currently unavailable)
rPois   .          Reflect  .   (helmet currently unavailable)
rElec   .          Harm     .   (cloak currently unavailable)
rCorr   .          Rampage  .   (gloves currently unavailable)
Will    +....                   (boots currently unavailable)
Stlth   ..........              r - amulet of faith
HPRegen 0.37/turn               (ring currently unavailable)
MPRegen 0.21/turn               (ring currently unavailable)

@: berserking, pig-form, very quick
A: fast, no casting, small, (fangs 1), strong nose, distributed training
a: Renounce Religion, Heroism, Finesse, Duel


You were on level 15 of the Dungeon.
You worshipped Okawaru.
Okawaru was extremely pleased with you.
You were a filthy swine.
You visited 2 branches of the dungeon, and saw 16 of its levels.
You also visited: Gauntlet.

You collected 1196 gold pieces.
You spent 254 gold pieces at shops.

Inventory:

Hand Weapons
 b - the +5 short sword of Ascent {vorpal, rN++}
   (You found it on level 9 of the Dungeon)

   It inflicts extra damage upon your enemies.
   rN:        It greatly protects you from negative energy.
 f - a +3 scimitar of flaming
 v - a +4 eveningstar of venom (melded)
Missiles
 d - 5 boomerangs of dispersal
 g - 396 stones
 m - 120 bolts
 s - 20 poisoned darts (quivered)
 t - 2 boomerangs
 C - 6 silver javelins
 J - 80 sling bullets
 Q - 3 throwing nets
 R - 20 javelins
 U - a curare-tipped dart
 Z - 257 arrows
Armour
 a - the +1 pair of boots of Happy Babbling (melded) {rC++ Str+8}
   (Okawaru gifted it to you on level 14 of the Dungeon)

   Str:       It affects your strength (+8).
   rC:        It greatly protects you from cold.
 h - a +1 robe of willpower (melded)
 p - a +2 helmet of intelligence (melded)
 G - a +2 buckler of poison resistance (melded)
 M - a +0 pair of gloves of stealth (melded)
 T - a +3 buckler of protection
Magical Staves
 y - a staff of earth
Jewellery
 l - a +4 ring of protection (melded)
 r - an amulet of faith (around neck)
 D - a +6 ring of strength
 F - a ring of protection from cold
 I - a ring of protection from fire (melded)
 S - a +6 ring of intelligence
Wands
 u - a wand of iceblast (14)
 H - a wand of digging (7)
 Y - a wand of flame (49)
Scrolls
 c - 2 scrolls of blinking
 e - 4 scrolls of teleportation
 q - a scroll of magic mapping
 w - a scroll of identify
 z - a scroll of enchant weapon
 A - 2 scrolls of vulnerability
 L - a scroll of holy word
 N - a scroll of torment
 V - a scroll of silence
Potions
 i - a potion of might
 j - 4 potions of lignification
 k - a potion of brilliance
 n - 2 potions of attraction
 o - 6 potions of berserk rage
 x - 2 potions of mutation
 B - a potion of heal wounds
 E - a potion of cancellation
 K - a potion of haste
 P - 2 potions of resistance
 W - 4 potions of flight
 X - a potion of ambrosia
Miscellaneous
 O - a condenser vane


   Skills:
 + Level 10.1 Fighting
 + Level 9.0 Short Blades
 + Level 9.0 Long Blades
 + Level 9.0 Axes
 + Level 9.0 Maces & Flails
 + Level 10.1 Polearms
 + Level 9.0 Staves
 + Level 9.0 Slings
 + Level 9.0 Bows
 + Level 9.0 Crossbows
 + Level 9.4 Throwing
 + Level 9.4 Armour
 + Level 10.1 Dodging
 + Level 9.0 Stealth
 + Level 9.0 Shields
 + Level 9.0 Unarmed Combat
 + Level 10.3 Spellcasting
 + Level 7.5 Conjurations
 + Level 7.5 Hexes
 + Level 7.5 Summonings
 + Level 7.5 Necromancy
 + Level 9.3 Translocations
 + Level 7.5 Transmutations
 + Level 7.5 Fire Magic
 + Level 7.5 Ice Magic
 + Level 7.5 Air Magic
 + Level 7.5 Earth Magic
 + Level 7.5 Poison Magic
 + Level 9.8 Invocations
 + Level 9.0 Evocations


You had 16 spell levels left.
You knew the following spells:

 Your Spells              Type           Power      Damage    Failure   Level
a - Blink                 Tloc           76%        N/A       1%          2
b - Wereblood             Tmut           32%        N/A       1%          2
c - Conjure Flame         Conj/Fire      32%        6-21      1%          3
d - Stone Arrow           Conj/Erth      64%        3d11      1%          3
e - Slow                  Hex            100%       N/A       1%          1
f - Confusing Touch       Hex            32%        N/A       1%          3
g - Mephitic Cloud        Conj/Pois/Air  32%        N/A       1%          3

Your spell library contained the following spells:

 Spells                   Type           Power      Damage    Failure   Level
 Beastly Appendage        Tmut           64%        N/A       1%          1
 Gell's Gravitas          Tloc           38%        N/A       1%          3
 Ignite Poison            Fire/Tmut/Pois 32%        N/A       1%          3
 Lesser Beckoning         Tloc           38%        N/A       1%          3
 Spider Form              Tmut/Pois      32%        N/A       1%          3
 Teleport Other           Tloc           38%        N/A       1%          3
 Vampiric Draining        Necr           32%        2d8       1%          3
 Passage of Golubria      Tloc           38%        N/A       1%          4
 Airstrike                Air            16%        N/A       4%          4
 Sticky Flame             Conj/Fire      32%        2d5       4%          4
 Manifold Assault         Tloc           38%        N/A       5%          5
 Alistair's Intoxication  Tmut/Pois      21%        N/A       11%         5
 Borgnjor's Vile Clutch   Necr/Erth      16%        N/A       11%         5
 Freezing Cloud           Conj/Ice/Air   16%        6-21      11%         5
 Lightning Bolt           Conj/Air       16%        1d30      11%         5
 Yara's Violent Unravell  Hex/Tmut       16%        3d8       11%         5
 Eringya's Noxious Bog    Tmut/Pois      16%        N/A       52%         6
 Lehudib's Crystal Spear  Conj/Erth      16%        10d5      100%        8
 Tukima's Dance           Hex            Unusable   N/A       N/A         3
 Animate Armour           Summ/Erth      Unusable   N/A       N/A         4
 Summon Lightning Spire   Summ/Air       Unusable   N/A       N/A         4

Dungeon Overview and Level Annotations

Branches:
Dungeon (15/15)            Temple (1/1) D:6            Lair (0/6) D:8
    Orc (0/2) D:11         Vaults (0/5) D:14        Gauntlet (visited)
 Depths: D:15

Altars:
Ashenzari
Cheibriados
Dithmenos
Elyvilon
Fedhas
Gozag
Hepliaklqana
Kikubaaqudgha
Makhleb
Nemelex Xobeh
Okawaru
Qazlal
Ru
Sif Muna
Trog
Uskayaw
Vehumet
Wu Jian
Xom
Yredelemnul
Zin
The Shining One

Shops:
D:3 [   D:5 *   D:6 *   D:14 *   D:15 :

Annotations:
D:15 Azrael, Kirke, Louise


Innate Abilities, Weirdness & Mutations

You are a filthy swine.
You move quickly.
Your equipment is almost entirely melded.
You are incapable of wielding weapons or throwing items.
You cannot cast spells.
((You have very sharp teeth.))
Your uncanny sense of smell can sniff out nearby items.
Your experience applies equally to all skills.


Message History

Kirke is severely wounded.
Kirke casts a spell at you.
You struggle to resist.
You completely miss Kirke.
Kirke is severely wounded.
The boulder beetle bites you!
You hit Kirke.
Kirke is severely wounded.
Kirke misses you. The boulder beetle bites you!
* * * LOW HITPOINT WARNING * * *
You barely miss Kirke.
Kirke is severely wounded.
Kirke hits you!
* * * LOW HITPOINT WARNING * * *
The boulder beetle barely misses you.
You closely miss Kirke.
Kirke is severely wounded.
Kirke casts a spell.
Kirke flickers and vanishes!
Deactivating autopickup; reactivate with Ctrl-A.
You feel much better. The boulder beetle bites you!!
* * * LOW HITPOINT WARNING * * *
Something barely misses you.
The hog squeals angrily.
Unknown command.
You bite something!
You hear an angry squeal. x2
The boulder beetle closely misses you.
You hear an angry squeal. x2
You can't do that in your present form.
Really quaff the potion of lignification?
You are stuck in your current form!
A red film seems to cover your vision as you go berserk!
You feel yourself moving faster!
You feel mighty! Something hits you!
* * * LOW HITPOINT WARNING * * *
The boulder beetle barely misses you.
You closely miss something. Something hits you.
* * * LOW HITPOINT WARNING * * *
The boulder beetle bites you!!
You die...

hB##+#$###
#.......#
######
#.@$....#
#....#
#....)..#
#....#
#.......#
#....#
####..### ∆
#....# #..# ∆
#....########.#
∆
#....'.Bh{.h.(#
∆
#....##########
#....#
#######....#
###.#..(.....#
....#..)?....#
.............#
.........##.##
.........##.#


You could see a boulder beetle and a hog.

Vanquished Creatures
  A minotaur (Gauntlet)
  A fire dragon (D:14)
  Harold (D:7)
  3 hydras
  A boulder beetle (D:14)
  4 vault guards (D:14)
  4 centaur warriors
  5 two-headed ogres
  Erica (D:8)
  Urug (D:11)
  4 tengu warriors
  9 skeletal warriors
  2 wizards
  Pikel (D:8)
  2 deep elf pyromancers
  9 ugly things
  3 manticores
  4 cyclopes
  An efreet (D:15)
  2 kobold demonologists
  2 trolls
  4 meliai
  4 hornets
  3 slime creatures
  3 wyverns
  A wraith (D:13)
  18 yaks
  2 shadows (Gauntlet)
  Eustachio (D:5)
  A basilisk (D:14)
  4 vampire mosquitoes (D:12)
  A steam dragon (D:9)
  3 water moccasins
  3 sky beasts
  An ice beast (D:8)
  4 orc warriors
  A necrophage (D:5)
  2 ogres (D:4)
  A black bear (D:6)
  3 boggarts (D:14)
  A phantom (D:5)
  3 centaurs
  2 lemures (D:8)
  3 kobold brigands
  A bullfrog (D:7)
  A gnoll sergeant (D:7)
  A wyvern zombie (D:8)
  2 scorpions (D:4)
  A water moccasin zombie (D:6)
  14 wights
  18 killer bees
  A howler monkey (D:8)
  A hound (D:5)
  A jelly (shapeshifter) (D:15)
  9 orc priests
  A bullfrog skeleton (D:6)
  2 centaur zombies
  A gnoll shaman (D:4)
  2 jellies
  Terence (D:2)
  5 iguanas
  12 orc wizards
  2 scorpion zombies (D:5)
  A hound zombie (D:5)
  13 gnolls
  A howler monkey zombie (D:9)
  7 adders
  A shadow imp (Gauntlet)
  A white imp (Gauntlet)
  2 worms
  2 dart slugs
  60 orcs
  8 endoplasms
  A giant cockroach (D:1)
  12 goblins
  6 hobgoblins
  4 jackals (D:2)
  6 kobolds
  A quokka (D:3)
  5 ball pythons
  4 bats
  4 frilled lizards
  A quokka skeleton (D:4)
  5 rats
  A bush (D:2)
352 creatures vanquished.

Vanquished Creatures (others)
  3 ugly things (D:15)
  24 demonic plants (Gauntlet)
  2 fungi (D:8)
  13 plants
42 creatures vanquished.

Grand Total: 394 creatures vanquished

Notes
Turn   | Place    | Note
-------+----------+-------------------------------------------
     0 | D:1      | Ablot the Gnoll Warper began the quest for the Orb.
     0 | D:1      | Reached XP level 1. HP: 20/20 MP: 6/6
    86 | D:1      | Reached XP level 2. HP: 26/26 MP: 7/7
    89 | D:1      | Learned a level 2 spell: Blink
   102 | D:1      | Found a faded altar of an unknown god.
   626 | D:1      | Reached skill level 5 in Spellcasting
   626 | D:1      | Reached XP level 3. HP: 2/31 MP: 7/9
  1158 | D:2      | Reached skill level 1 in Invocations
  1494 | D:2      | Reached skill level 1 in Short Blades
  1494 | D:2      | Reached skill level 1 in Long Blades
  1494 | D:2      | Reached skill level 1 in Axes
  1494 | D:2      | Reached skill level 1 in Maces & Flails
  1494 | D:2      | Reached skill level 1 in Staves
  1494 | D:2      | Reached skill level 1 in Slings
  1494 | D:2      | Reached skill level 1 in Bows
  1494 | D:2      | Reached skill level 1 in Crossbows
  1494 | D:2      | Reached skill level 1 in Stealth
  1494 | D:2      | Reached skill level 1 in Shields
  1494 | D:2      | Reached skill level 1 in Unarmed Combat
  1494 | D:2      | Reached skill level 1 in Evocations
  1494 | D:2      | Reached XP level 4. HP: 38/38 MP: 11/11
  2005 | D:2      | Reached skill level 1 in Conjurations
  2005 | D:2      | Reached skill level 1 in Hexes
  2005 | D:2      | Reached skill level 1 in Summonings
  2005 | D:2      | Reached skill level 1 in Necromancy
  2005 | D:2      | Reached skill level 1 in Transmutations
  2005 | D:2      | Reached skill level 1 in Fire Magic
  2005 | D:2      | Reached skill level 1 in Ice Magic
  2005 | D:2      | Reached skill level 1 in Air Magic
  2005 | D:2      | Reached skill level 1 in Earth Magic
  2005 | D:2      | Reached skill level 1 in Poison Magic
  2022 | D:2      | Noticed Terence
  2038 | D:2      | Killed Terence
  2039 | D:2      | Reached XP level 5. HP: 35/43 MP: 12/12
  2976 | D:3      | Found Ofreryej's Antique Armour Shoppe.
  3894 | D:4      | Noticed an ogre
  3910 | D:4      | Killed an ogre
  3911 | D:4      | Reached XP level 6. HP: 29/50 MP: 14/14
  3971 | D:4      | Reached skill level 5 in Fighting
  3971 | D:4      | Reached skill level 5 in Polearms
  3971 | D:4      | Reached skill level 5 in Dodging
  4328 | D:4      | Reached XP level 7. HP: 48/56 MP: 15/15
  4742 | D:4      | Found an ornate altar of the Wu Jian Council.
  4919 | D:4      | Found a hazy altar of Hepliaklqana.
  5310 | D:4      | Reached XP level 8. HP: 56/63 MP: 16/16
  5463 | D:5      | Entered Level 5 of the Dungeon
  5517 | D:5      | Found Datedoc's Fire Supplies.
  5815 | D:5      | Noticed Eustachio
  5829 | D:5      | Killed Eustachio
  6720 | D:6      | Learned a level 2 spell: Wereblood
  7254 | D:6      | Found Zin's Purification Station.
  7256 | D:6      | Found a glowing silver altar of Zin.
  7515 | D:6      | Found a staircase to the Ecumenical Temple.
  7522 | Temple   | Entered the Ecumenical Temple
  7676 | Temple   | Became a worshipper of Warmaster Okawaru
  7925 | D:7      | Noticed a wyvern
  7938 | D:7      | Killed a wyvern
  7939 | D:7      | Reached XP level 9. HP: 49/69 MP: 18/18
  8632 | D:7      | Noticed Harold
  8668 | D:7      | Killed Harold
  8668 | D:7      | Reached * piety under Okawaru
  8669 | D:7      | Reached skill level 5 in Throwing
  8669 | D:7      | Reached skill level 5 in Armour
  9023 | D:7      | Reached skill level 5 in Invocations
  9681 | D:7      | Reached ** piety under Okawaru
  9871 | D:7      | Reached XP level 10. HP: 57/77 MP: 18/20
 10097 | D:8      | Reached skill level 5 in Short Blades
 10097 | D:8      | Reached skill level 5 in Long Blades
 10097 | D:8      | Reached skill level 5 in Axes
 10097 | D:8      | Reached skill level 5 in Maces & Flails
 10097 | D:8      | Reached skill level 5 in Staves
 10097 | D:8      | Reached skill level 5 in Slings
 10097 | D:8      | Reached skill level 5 in Bows
 10097 | D:8      | Reached skill level 5 in Crossbows
 10097 | D:8      | Reached skill level 5 in Stealth
 10097 | D:8      | Reached skill level 5 in Shields
 10097 | D:8      | Reached skill level 5 in Unarmed Combat
 10097 | D:8      | Reached skill level 5 in Evocations
 10597 | D:8      | Reached *** piety under Okawaru
 10597 | D:8      | Received a gift from Okawaru
 11279 | D:3      | Bought a runed buckler for 225 gold pieces
 11479 | D:8      | Found a staircase to the Lair.
 11553 | D:8      | Identified the amulet of Ynirocei {Acrobat +Blink Fly}
 11592 | D:8      | Noticed Pikel
 11616 | D:8      | Killed Pikel
 11616 | D:8      | Reached **** piety under Okawaru
 11674 | D:8      | Noticed Erica
 11704 | D:8      | Killed Erica
 11705 | D:8      | Reached XP level 11. HP: 63/84 MP: 22/22
 11833 | D:8      | Found a snail-covered altar of Cheibriados.
 12406 | D:8      | HP: 3/78 [killer bee (7)]
 12408 | D:8      | Reached skill level 5 in Conjurations
 12408 | D:8      | Reached skill level 5 in Hexes
 12408 | D:8      | Reached skill level 5 in Summonings
 12408 | D:8      | Reached skill level 5 in Necromancy
 12408 | D:8      | Reached skill level 5 in Transmutations
 12408 | D:8      | Reached skill level 5 in Fire Magic
 12408 | D:8      | Reached skill level 5 in Ice Magic
 12408 | D:8      | Reached skill level 5 in Air Magic
 12408 | D:8      | Reached skill level 5 in Earth Magic
 12408 | D:8      | Reached skill level 5 in Poison Magic
 13197 | D:9      | Identified the +5 short sword of Ascent {vorpal, rN++}
 13755 | D:10     | Entered Level 10 of the Dungeon
 14111 | D:10     | Learned a level 3 spell: Conjure Flame
 14117 | D:10     | Noticed a two-headed ogre
 14138 | D:10     | Killed a two-headed ogre
 14138 | D:10     | Reached ***** piety under Okawaru
 14542 | D:10     | Noticed a two-headed ogre
 14589 | D:10     | Killed a two-headed ogre
 14589 | D:10     | Received a gift from Okawaru
 15352 | D:11     | Noticed a skeletal warrior
 15367 | D:11     | Noticed a skeletal warrior
 15422 | D:11     | Killed a skeletal warrior
 15453 | D:11     | Noticed a cyclops
 15468 | D:11     | Noticed a skeletal warrior
 15509 | D:11     | Killed a skeletal warrior
 15818 | D:11     | Noticed a skeletal warrior
 15864 | D:11     | Killed a skeletal warrior
 16060 | D:11     | Noticed a skeletal warrior
 16147 | D:11     | Killed a skeletal warrior
 16148 | D:11     | Reached XP level 12. HP: 69/94 MP: 24/24
 17143 | D:11     | Noticed Urug
 17178 | D:11     | Killed Urug
 17178 | D:11     | Received a gift from Okawaru
 17405 | D:11     | Received a gift from Okawaru
 17482 | D:11     | Learned a level 3 spell: Stone Arrow
 17821 | D:11     | Found a staircase to the Orcish Mines.
 18121 | D:12     | Noticed a centaur warrior
 18191 | D:12     | Noticed a five-headed hydra
 18206 | D:12     | Killed a two-headed hydra
 18277 | D:12     | Found a gate leading to a gauntlet.
 18345 | Gauntlet | Entered a Gauntlet
 18345 | Gauntlet | Noticed a great orb of eyes
 18345 | Gauntlet | Found a transporter.
 18345 | Gauntlet | Found a transporter.
 18346 | Gauntlet | Found a transporter.
 18349 | Gauntlet | Found a transporter.
 18349 | Gauntlet | Found a transporter.
 18385 | Gauntlet | Found a transporter.
 18438 | Gauntlet | Found a transporter.
 18440 | Gauntlet | Found a large runed translucent door.
 18441 | Gauntlet | Found a large runed translucent door.
 18442 | Gauntlet | Found a large runed translucent door.
 18442 | Gauntlet | Found a large runed translucent door.
 18442 | Gauntlet | Found a runed translucent door.
 18442 | Gauntlet | Found a runed translucent door.
 18443 | Gauntlet | Found a large runed translucent door.
 18444 | Gauntlet | Found a large runed translucent door.
 18444 | Gauntlet | Found a large runed translucent door.
 18444 | Gauntlet | Found a large runed translucent door.
 18445 | Gauntlet | Found a large runed translucent door.
 18446 | Gauntlet | Found a large runed translucent door.
 18487 | Gauntlet | Found a transporter.
 18487 | Gauntlet | Found a large runed translucent door.
 18487 | Gauntlet | Found a large runed translucent door.
 18488 | Gauntlet | Found a large runed translucent door.
 18488 | Gauntlet | Found a large runed translucent door.
 18489 | Gauntlet | Found a runed translucent gate.
 18489 | Gauntlet | Found a runed translucent gate.
 18489 | Gauntlet | Found a runed translucent gate.
 18491 | Gauntlet | Found a transporter.
 18535 | Gauntlet | Found a large runed translucent door.
 18535 | Gauntlet | Found a large runed translucent door.
 18568 | Gauntlet | Found a transporter.
 18578 | Gauntlet | Found a transporter.
 18584 | Gauntlet | Found a transporter.
 18831 | Gauntlet | Received a gift from Okawaru
 19103 | Gauntlet | Identified the +4 battleaxe "Zituk" {chaos, Int+2 Dex+3}
 19123 | Gauntlet | Noticed a minotaur
 19138 | Gauntlet | Killed a minotaur
 19162 | Gauntlet | Identified the +3 scale mail "Coywk" {*Corrode Fly Will++
                  | SInv}
 19431 | D:12     | Killed a centaur warrior
 19656 | D:12     | Received a gift from Okawaru
 20204 | D:12     | Noticed a two-headed ogre
 20227 | D:12     | Killed a two-headed ogre
 20228 | D:12     | Reached XP level 13. HP: 101/101 MP: 20/26
 20731 | D:12     | HP: 5/101 [meliai/divine providence (8)]
 22111 | D:13     | Learned a level 1 spell: Slow
 22115 | D:13     | Learned a level 3 spell: Confusing Touch
 22119 | D:13     | Learned a level 3 spell: Mephitic Cloud
 23114 | D:13     | Found an ancient bone altar of Kikubaaqudgha.
 23383 | D:14     | Found Hicuasan's Assorted Antiques.
 23396 | D:14     | Bought a scroll labelled UROONOM SOCS for 29 gold pieces
 23605 | D:14     | Found a radiant altar of Vehumet.
 23804 | D:14     | Noticed a fire dragon
 23837 | D:14     | Killed a fire dragon
 24088 | D:14     | Found a gate to the Vaults.
 24088 | D:14     | Noticed a vault guard
 24088 | D:14     | Noticed a vault guard
 24088 | D:14     | Noticed a vault guard
 24088 | D:14     | Noticed a vault guard
 24146 | D:14     | Killed a vault guard
 24477 | D:14     | Received a gift from Okawaru
 24478 | D:14     | Reached skill level 10 in Spellcasting
 24668 | D:14     | Killed a vault guard
 24971 | D:14     | Killed a vault guard
 24977 | D:14     | Identified the +1 pair of boots of Happy Babbling {rC++
                  | Str+8} (Okawaru gifted it to you on level 14 of the
                  | Dungeon)
 24977 | D:14     | Received a gift from Okawaru
 25018 | D:14     | Killed a vault guard
 25759 | D:14     | Reached skill level 10 in Fighting
 25759 | D:14     | Reached skill level 10 in Polearms
 25759 | D:14     | Reached skill level 10 in Dodging
 25759 | D:14     | Reached XP level 14. HP: 101/110 MP: 28/28
 26165 | D:15     | Entered Level 15 of the Dungeon
 26632 | D:15     | Noticed Azrael
 27013 | D:15     | Found Baosufa's Book Emporium.
 27243 | D:15     | Noticed Kirke
 27246 | D:15     | Noticed Louise
 27280 | D:15     | Slain by a boulder beetle

Illustrated notes

Levels and vault maps discovered:
D:1:      dpeg_arrival_solitude, layout_rooms, ebering_ecumenical_altar_mist
D:2:      layout_basic, serial_forest, infiniplex_forest_clump_large,
          infiniplex_forest_clump_diagonal, infiniplex_forest_zigzag_2,
          infiniplex_forest_end_3, infiniplex_forest_clump_diagonal,
          infiniplex_forest_corner_1, infiniplex_forest_straight_4, uniq_terence
D:3:      layout_basic, serial_shops, nicolae_shop_window_shopping
D:4:      layout_loops_cross, worldfamousw_hep_ancestral_shrine,
          pdpol_wu_jian_five_deadly_venoms, minivault_5
D:5:      layout_basic, nicolae_shop_fire_sale [nicolae_sub_dead_trees],
          uniq_eustachio
D:6:      layout_cave_pods, zin_purify, minmay_temple_entry_nine_rooms
D:7:      hellmonk_crumbling_castle, layout_layer_cave, uniq_harold
D:8:      layout_cave_pools, cheibrodos_worm_habitat, minmay_lair_entry_grove,
          special_room [special_room_orc], uniq_pikel, uniq_erica
D:9:      layout_rooms, corexii_checkpoint_a, minivault_22, abandoned_shop,
          blue_anna_alchemist
D:10:     layout_long_grid, columned_hall_lemuel
D:11:     layout_irregular_city, orc_0_dummy, uniq_urug
D:12:     layout_irregular_city, serial_column_ruins, column_ruins_hut_water,
          column_ruins_columns_straight, column_ruins_open_tiny,
          column_ruins_corridor_T, column_ruins_grid_1, column_ruins_open_tiny,
          gauntlet_entry_generic
D:13:     layout_small_grid, nicolae_kikubaaqudgha_miasma_corner
D:14:     layout_cave_pods, lightli_vaults_fourway_checkpoint, serial_shops,
          shop_fountains, chequers_serial_rivers_small_b, vehumet_altar_wand_db
D:15:     grunt_enter_depths_magical_seal, layout_basic, serial_shops,
          shop_fountains, gammafunk_ghost_hydra_chop, uniq_azrael, uniq_kirke,
          uniq_louise
Temple:   regret_index_temple_mists

Skill      XL: |  1  2  3  4  5  6  7  8  9 10 11 12 13 14 |
---------------+-------------------------------------------+-----
Spellcasting   | 5 6 7 8 9 10 | 10.3
Invocations    | 1 2 3 4 5 6 7 8 9 |  9.8
Short Blades   | 1 2 3 4 5 6 7 8 9 |  9.0
Long Blades    | 1 2 3 4 5 6 7 8 9 |  9.0
Axes           | 1 2 3 4 5 6 7 8 9 |  9.0
Maces & Flails | 1 2 3 4 5 6 7 8 9 |  9.0
Staves         | 1 2 3 4 5 6 7 8 9 |  9.0
Slings         | 1 2 3 4 5 6 7 8 9 |  9.0
Bows           | 1 2 3 4 5 6 7 8 9 |  9.0
Crossbows      | 1 2 3 4 5 6 7 8 9 |  9.0
Stealth        | 1 2 3 4 5 6 7 8 9 |  9.0
Shields        | 1 2 3 4 5 6 7 8 9 |  9.0
Unarmed Combat | 1 2 3 4 5 6 7 8 9 |  9.0
Evocations     | 1 2 3 4 5 6 7 8 9 |  9.0
Conjurations   | 1 2 3 4 5 6 7 |  7.5
Hexes          | 1 2 3 4 5 6 7 |  7.5
Summonings     | 1 2 3 4 5 6 7 |  7.5
Necromancy     | 1 2 3 4 5 6 7 |  7.5
Transmutations | 1 2 3 4 5 6 7 |  7.5
Fire Magic     | 1 2 3 4 5 6 7 |  7.5
Ice Magic      | 1 2 3 4 5 6 7 |  7.5
Air Magic      | 1 2 3 4 5 6 7 |  7.5
Earth Magic    | 1 2 3 4 5 6 7 |  7.5
Poison Magic   | 1 2 3 4 5 6 7 |  7.5
Throwing       | 3 4 5 6 7 8 9 |  9.4
Armour         | 3 4 5 6 7 8 9 |  9.4
Fighting       | 5 6 7 8 9 10 | 10.1
Polearms       | 5 6 7 8 9 10 | 10.1
Dodging        | 5 6 7 8 9 10 | 10.1
Translocations | 6 7 8 9 |  9.3

Action                   |  1- 3 |  4- 6 |  7- 9 | 10-12 | 13-15 || total
-------------------------+-------+-------+-------+-------+-------++-------
Melee: Spear             |   133 |   212 |   273 |   551 |    29 ||  1198
       Bite              |    12 |    23 |    33 |    88 |    71 ||   227
       Punch             |       |     6 |     9 |     2 |       ||    17
       Trident           |       |       |    47 |   112 |       ||   159
       Short sword       |       |       |       |   152 |    68 ||   220
       Eveningstar       |       |       |       |    60 |   336 ||   396
       Scimitar          |       |       |       |     6 |     4 ||    10
       Unarmed           |       |       |       |       |    13 ||    13
Throw: Stone             |     1 |     5 |       |       |       ||     6
       Dart              |       |     6 |    20 |    28 |    33 ||    87
       Boomerang         |       |       |     4 |    53 |       ||    57
       Javelin           |       |       |       |     6 |       ||     6
 Cast: Blink             |       |       |     4 |     4 |     2 ||    10
       Wereblood         |       |       |     3 |     9 |     4 ||    16
       Conjure Flame     |       |       |       |    22 |     5 ||    27
       Stone Arrow       |       |       |       |     2 |    14 ||    16
       Slow              |       |       |       |       |    13 ||    13
       Confusing Touch   |       |       |       |       |     4 ||     4
Invok: Heroism           |       |       |       |    18 |    13 ||    31
       Finesse           |       |       |       |     2 |     3 ||     5
 Abil: Evoke Blink       |       |       |       |     1 |       ||     1
  Use: Scroll            |       |       |       |    26 |     4 ||    30
       Potion            |       |       |       |     2 |     8 ||    10
 Stab: Sleeping          |     1 |     2 |     7 |     2 |     4 ||    16
       Distracted        |       |       |     1 |     1 |       ||     2
       Confused          |       |       |       |       |     5 ||     5
       Invisible         |       |       |       |       |     2 ||     2
Armor: Leather armour    |    26 |    31 |    63 |    57 |       ||   177
       Robe              |       |       |       |   119 |   123 ||   242
Dodge: Dodged            |    54 |    57 |   116 |   392 |   191 ||   810
Block: Buckler           |       |       |       |   153 |   156 ||   309
